Map: Snowy Mesa

Players

Loken

  • Race: Zerg Zerg
  • League: Platinum
  • Spawn Location: 12:00

dallaskuken

  • Race: Protoss Protoss
  • League: Platinum
  • Spawn Location: 12:00

Aldritch - Winner!

  • Race: Zerg Zerg
  • Spawn Location: 6:00

GOAFK - Winner!

  • Race: Terran Terran
  • Spawn Location: 6:00

VOD

Have the link to the VOD?

Description

Time

  • Played on: March 28, 2017, 5:51 p.m.
  • Length: 12:23
Show
View Real Time Build Order
Export as new Build Order

Loken Zerg 

Build Orders: Hatch First 

Get SALT Encoding   

  12  0:06  Drone  
  13  0:13  Overlord  
  13  0:19  Drone  
  14  0:33  Drone x2  
  16  0:39  Drone  
  17  0:56  Hatchery  
  16  0:58  Drone  
  16  1:01  Drone  
  18  1:14  Spawning Pool  
  18  1:17  Drone  
  18  1:22  Extractor  
  18  1:23  Drone  
  18  1:37  Overlord  
  18  1:51  Drone  
  18  1:54  Drone  
  20  2:06  Queen  
  20  2:08  Queen  
  24  2:11  Drone x2  
  26  2:18  Zergling x2  
  26  2:20  Zergling x2  
  28  2:31  Zergling x4  
  28  2:32  Metabolic Boost  
  30  2:48  Zergling x6  
  33  3:21  Lair  
  33  3:23  Drone  
  33  3:24  Drone x2  
  36  3:27  Overlord x3  
  36  3:28  Overlord  
  36  3:54  Zergling x24  
  41  4:16  Spore Crawler  
  38  4:36  Spine Crawler  
  37  4:55  Zergling x14  
  37  4:56  Zergling x6  
  46  5:23  Zergling x2  
  46  5:24  Zergling x10  
  52  5:34  Drone x5  
  56  6:03  Extractor  
  55  6:09  Spire  
  54  6:11  Drone  
  54  6:12  Drone x7, Extractor  
  54  6:13  Extractor  
  58  6:53  Hatchery  
  58  6:54  Drone x11  
  66  7:34  Mutalisk  
  68  7:39  Overlord x3  
  68  7:40  Overlord x3  
  68  7:57  Drone x3  
  68  7:58  Drone x5  
  76  8:05  Queen  
  78  8:14  Hatchery  
  78  8:15  Queen  
  79  8:20  Extractor  
  79  8:21  Extractor  
  77  8:31  Drone  
  77  8:32  Drone x10  
  88  8:46  Infestation Pit  
  87  8:49  Zerg Flyer Weapons Level 1  
  87  9:00  Mutalisk  
  87  9:01  Mutalisk x8  
  105  9:14  Mutalisk  
  105  9:15  Mutalisk x5  
  117  9:17  Drone  
  117  9:18  Drone x3  
  121  9:39  Hive  
  121  9:48  Evolution Chamber  
  121  9:49  Evolution Chamber  
  121  9:50  Spore Crawler  
  118  9:54  Spine Crawler  
  117  10:00  Mutalisk x5  
  117  10:03  Overlord x9  
  127  10:36  Mutalisk x7  
  76  11:05  Zergling x10  
  76  11:06  Zergling x32  
  97  11:16  Zergling x8  
  46  11:47  Zergling x4  
  46  11:48  Zergling x8  
Show
View Real Time Build Order
Export as new Build Order

dallaskuken Protoss 

Build Orders:  

Get SALT Encoding   

  12  0:01  Probe (Chrono Boost)  
  13  0:12  Probe (Chrono Boost)  
  14  0:24  Pylon  
  14  0:27  Probe (Chrono Boost)  
  15  0:43  Gateway  
  15  0:45  Probe (Chrono Boost)  
  16  0:51  Assimilator  
  16  0:55  Probe (Chrono Boost)  
  17  1:05  Assimilator  
  17  1:06  Probe (Chrono Boost)  
  18  1:13  Pylon  
  18  1:17  Probe (Chrono Boost)  
  19  1:27  Probe (Chrono Boost)  
  19  1:30  Cybernetics Core  
  20  1:38  Probe (Chrono Boost)  
  21  1:41  Zealot  
  23  1:48  Probe (Chrono Boost)  
  23  1:53  Warp Gate  
  24  1:59  Probe (Chrono Boost)  
  25  2:03  Forge  
  25  2:04  Pylon  
  25  2:13  Probe (Chrono Boost)  
  26  2:18  Sentry  
  28  2:32  Robotics Facility  
  28  2:43  Photon Cannon  
  28  2:44  Pylon  
  28  3:11  Nexus  
  28  3:16  Pylon  
  28  3:25  Observer  
  29  3:38  Stalker  
  31  3:50  Gateway  
  31  3:51  Gateway  
  24  4:24  Probe (Chrono Boost)  
  25  4:35  Probe (Chrono Boost)  
  25  4:45  Probe (Chrono Boost)  
  25  4:54  Immortal  
  29  5:07  Zealot x2  
  31  5:08  Zealot  
  35  5:22  Assimilator  
  35  5:26  Pylon  
  35  5:27  Assimilator  
  35  5:29  Pylon  
  35  5:39  Observer  
  36  5:47  Stalker x2  
  36  5:48  Stalker  
  42  6:03  Photon Cannon  
  43  6:20  Probe (Chrono Boost)  
  42  6:32  Probe x2 (Chrono Boost)  
  44  6:43  Probe (Chrono Boost)  
  44  6:44  Probe (Chrono Boost)  
  46  6:53  Probe (Chrono Boost)  
  47  6:56  Probe (Chrono Boost)  
  47  7:00  Stalker x2  
  52  7:08  Probe (Chrono Boost)  
  53  7:12  Photon Cannon  
  53  7:20  Probe (Chrono Boost)  
  54  7:23  Stalker  
  56  7:32  Probe (Chrono Boost)  
  57  7:40  Immortal  
  57  7:42  Sentry x2  
  65  7:51  Gateway  
  65  7:53  Probe (Chrono Boost)  
  65  7:56  Probe (Chrono Boost)  
  67  8:07  Pylon  
  67  8:08  Pylon, Probe (Chrono Boost)  
  68  8:20  Stalker x2  
  72  8:41  Stalker  
  72  8:45  Immortal  
  78  8:50  Probe (Chrono Boost)  
  79  9:02  Probe (Chrono Boost)  
  80  9:14  Photon Cannon, Probe (Chrono Boost)  
  80  9:15  Photon Cannon  
  81  9:18  Photon Cannon  
  81  9:20  Photon Cannon  
  81  9:22  Stalker  
  83  9:27  Probe (Chrono Boost)  
  85  9:39  Probe (Chrono Boost)  
  85  9:52  Robotics Bay  
  85  10:09  Stalker x4  
  93  10:30  Pylon  
  93  10:32  Pylon  
  93  10:33  Pylon  
  93  10:48  Immortal  
  41  11:29  Stalker x3  
Show
View Real Time Build Order
Export as new Build Order

Aldritch Zerg - Winner!

Build Orders: Pool First 

Get SALT Encoding   

  12  0:01  Drone  
  13  0:12  Overlord  
  13  0:19  Drone  
  14  0:30  Drone  
  14  0:31  Drone  
  16  0:36  Drone  
  17  0:47  Spawning Pool  
  16  0:52  Drone  
  17  0:57  Extractor  
  17  1:03  Drone  
  17  1:08  Drone  
  18  1:20  Drone  
  19  1:34  Queen  
  21  1:40  Zergling x2  
  21  1:41  Overlord  
  22  2:00  Overlord  
  22  2:03  Metabolic Boost  
  22  2:16  Zergling x4  
  24  2:26  Queen  
  24  2:29  Overlord  
  26  2:50  Zergling x4  
  28  3:02  Zergling x6  
  30  3:11  Zergling x2  
  31  3:24  Zergling x2  
  32  3:37  Zergling x8  
  36  3:55  Zergling x2  
  32  4:07  Zergling x6  
  32  4:08  Zergling x2  
  33  4:28  Zergling x2  
  34  4:45  Zergling x6  
  36  5:14  Zergling x8  
  36  5:30  Zergling x8  
  40  5:38  Hatchery  
  36  5:59  Zergling x10  
  27  6:49  Hatchery  
  26  6:57  Drone x2  
  26  6:58  Drone x4  
  32  7:03  Extractor  
  31  7:38  Drone x2  
  31  7:39  Drone x5  
  38  7:48  Roach Warren  
  38  7:49  Lair  
  37  7:53  Drone x4  
  41  8:03  Drone x4  
  45  8:15  Drone x5  
  50  8:20  Overlord  
  49  8:34  Overlord  
  49  8:35  Overlord x4  
  49  8:38  Queen x2  
  53  8:55  Roach x5  
  63  8:56  Roach  
  65  9:07  Hydralisk Den  
  65  9:09  Glial Reconstitution  
  64  9:12  Roach  
  64  9:13  Roach x7  
  80  9:24  Extractor  
  80  9:25  Extractor  
  78  9:40  Hydralisk x4  
  78  9:41  Hydralisk x5  
  78  9:43  Overlord x2  
  96  9:52  Extractor  
  96  9:54  Extractor  
  94  10:18  Drone x3  
  94  10:19  Drone x2  
  94  10:20  Drone  
  100  10:28  Hydralisk x2  
  100  10:30  Overlord x3  
  100  10:31  Overlord x5  
  104  10:38  Muscular Augments  
  104  10:42  Evolution Chamber  
  93  11:00  Hydralisk x5  
  93  11:12  Zergling x4  
  93  11:13  Zergling x6  
  96  11:32  Hydralisk x3  
  100  11:33  Roach x2  
  106  11:50  Drone x5  
Show
View Real Time Build Order
Export as new Build Order

GOAFK Terran - Winner!

Build Orders: 1/1/1 

Get SALT Encoding   

  12  0:01  SCV  
  13  0:13  SCV  
  14  0:18  Supply Depot  
  14  0:25  SCV  
  14  0:28  Refinery  
  15  0:40  SCV  
  16  0:47  Barracks  
  16  0:52  SCV  
  17  1:01  Refinery  
  17  1:04  SCV  
  18  1:16  SCV  
  19  1:25  Supply Depot  
  19  1:28  SCV  
  20  1:37  Factory  
  20  1:38  Marine  
  21  1:43  SCV  
  22  1:56  Marine  
  23  2:03  Orbital Command  
  23  2:23  Starport  
  23  2:30  Widow Mine  
  25  2:42  Command Center  
  25  2:58  Widow Mine  
  25  3:03  Medivac  
  29  3:14  SCV  
  30  3:27  SCV, Barracks Tech Lab  
  31  3:29  Supply Depot  
  31  3:50  Widow Mine, Viking, SCV  
  36  4:18  Widow Mine  
  36  4:20  Viking  
  40  4:31  Marine  
  40  4:34  SCV  
  42  4:40  Supply Depot  
  42  4:42  Liberator  
  42  4:46  SCV, Barracks  
  42  4:49  Barracks, Marine  
  44  4:58  SCV  
  48  5:03  Concussive Shells  
  48  5:07  Marine  
  48  5:10  SCV  
  50  5:19  Supply Depot  
  48  5:22  SCV x2  
  48  5:25  Marauder, Liberator  
  52  5:35  SCV  
  53  5:37  Refinery  
  53  5:38  Command Center  
  56  5:46  Marauder  
  58  5:52  Marine x2  
  58  5:55  Barracks  
  60  5:58  Factory  
  60  5:59  Factory Tech Lab  
  60  6:07  SCV, Marine  
  60  6:09  Marine  
  60  6:10  Marine  
  62  6:19  SCV  
  62  6:25  Marine  
  64  6:31  SCV  
  65  6:42  Barracks Reactor x2  
  65  6:43  Marine  
  66  6:48  Supply Depot  
  66  6:54  Barracks Reactor  
  66  6:59  Liberator, Supply Depot  
  66  7:01  Factory Tech Lab  
  66  7:03  SCV  
  67  7:08  Siege Tank  
  71  7:15  SCV  
  74  7:27  SCV  
  75  7:37  Marine x2  
  75  7:38  Marine x5  
  75  7:39  SCV  
  75  7:40  Siege Tank  
  75  7:42  Liberator  
  86  7:51  Siege Tank  
  86  7:52  SCV  
  86  7:55  Marine x3  
  86  7:56  Marine x2, Reaper  
  86  7:57  Marauder  
  98  8:01  Combat Shields  
  101  8:32  Engineering Bay  
  101  8:37  Armory  
  101  8:47  Liberator  
  101  8:58  Orbital Command  
  101  9:04  SCV, Marine x4  
  101  9:05  Marine x2, Siege Tank  
  101  9:06  Marauder  
  101  9:09  Supply Depot  
  116  9:16  SCV  
  117  9:20  Stimpack  
  117  9:23  Terran Infantry Weapons Level 1  
  117  9:30  SCV, Marine x6  
  124  9:32  Supply Depot  
  124  9:37  SCV  
  125  9:43  Marauder, SCV  
  125  9:44  Siege Tank  
  131  9:55  SCV  
  132  10:04  Marauder  
  134  10:10  Command Center  
  134  10:26  Marauder  
  136  10:47  Marine x5  
  141  10:52  Marine x2  
  116  11:59  Marine x4  
  116  12:00  Marine x2  
Tags
 
Add a new tag
Caveats
  • Supply blocks, unpowered buildings, or Contaminate may cause inaccurate times.
  • Supply counts are checked every 10 seconds.